AoeStats
← henrim667

Hill Fort

506520243Analyzed
3v3 RM · 18d ago on Sep 13, 2026· 44m 28s· 6 players
Game mode
Random Map
Map size
Normal (6 player)
Population
200
Speed
Normal
Resources
Standard
Victory
Conquest
Starting age
Dark Age
Ending age
Imperial Age
RankedLock teamsTeams togetherTeam positionsShared explorationLock speedFull tech treeHidden civsTurbo modeCheats
Victory
Defeat
🇨🇱 Ethiopians · Chile
1189
+8
🇨🇱 Khmer · Chile
897
+19
🇨🇱 Celts · Chile
851
+20
🇵🇪 Burmese · Peru
1008
-17
🇨🇱 Teutons · Chile
983
-16
🇧🇪 Lithuanians · Belgium
935
-14
Black
11:10 Feudal Age
11:41 Loom
17:26 Castle Age
15:44 Double-Bit Axe
16:07 Horse Collar
19:51 Wheelbarrow
20:27 Bow Saw
21:02 Heavy Plow
22:24 Crossbowman
22:55 Fletching
23:04 Gold Mining
26:09 Hand Cart
25:52 Stone Mining
26:35 Town Watch
26:48 Bodkin Arrow
28:35 Padded Archer Armor
29:45 Ballistics
31:36 Leather Archer Armor
31:36 Masonry
31:51 Town Patrol
33:40 Gold Shaft Mining
33:42 Stone Shaft Mining
34:10 Squires
34:16 Scale Mail Armor
35:37 Chain Mail Armor
35:33 Forging
37:28 Thumb Ring
38:40 Iron Casting
40:47 Imperial Age
40:53 Arbalester
41:34 Bracer
42:36 Chemistry
42:51 Two-Man Saw
42:29 Ring Archer Armor
42:35 Architecture
albert130893
0:43 Loom
10:57 Feudal Age
11:23 Double-Bit Axe
11:19 Horse Collar
21:40 Castle Age
19:33 Gold Mining
19:49 Scale Mail Armor
20:02 Stone Mining
21:39 Wheelbarrow
20:50 Town Watch
20:58 Arson
21:49 Pikeman
23:22 Gold Shaft Mining
22:49 Heavy Plow
23:01 Bow Saw
23:02 Gambesons
32:35 Fletching
33:23 Bodkin Arrow
33:45 Chain Mail Armor
33:41 Forging
34:34 Husbandry
39:52 Imperial Age
38:51 Iron Casting
40:09 Heavy Scorpion
Zakur
6:10 Loom
10:07 Feudal Age
12:00 Double-Bit Axe
11:58 Horse Collar
17:31 Castle Age
18:21 Bloodlines
18:13 Husbandry
31:00 Scale Barding Armor
34:38 Forging
37:19 Chain Barding Armor
44:23 Imperial Age
henrim667
10:44 Feudal Age
13:04 Double-Bit Axe
13:32 Horse Collar
16:01 Wheelbarrow
19:15 Castle Age
17:37 Gold Mining
18:10 Forging
18:48 Scale Barding Armor
19:29 Stone Mining
20:41 Heavy Plow
20:55 Bow Saw
22:53 Iron Casting
24:17 Chain Barding Armor
24:16 Bloodlines
28:00 Hand Cart
29:02 Husbandry
38:49 Imperial Age
39:16 Cavalier
41:39 Paladin
SunTzu_Player
9:59 Feudal Age
9:48 Loom
14:32 Horse Collar
22:16 Castle Age
21:18 Stone Mining
24:12 Heavy Plow
24:50 Pikeman
33:45 Caravan
38:27 Imperial Age
36:02 Town Watch
36:53 Wheelbarrow
40:32 Manipur Cavalry
39:54 Elite Arambai
40:41 Scale Barding Armor
40:27 Fletching
40:16 Light Cavalry
41:06 Bloodlines
44:19 Chemistry
43:32 Fortified Wall
43:17 Murder Holes
43:54 Chain Barding Armor
43:29 Bodkin Arrow
43:35 Padded Archer Armor
Nicolasbecerra
8:10 Loom
10:41 Feudal Age
12:06 Double-Bit Axe
12:02 Horse Collar
16:09 Castle Age
17:34 Bow Saw
17:52 Heavy Plow
23:15 Wheelbarrow
22:41 Stone Mining
24:54 Heavy Plow
25:33 Fletching
25:44 Man-at-Arms
26:43 Scale Mail Armor
26:36 Long Swordsman
31:12 Pikeman
35:59 Imperial Age
35:00 Forging
36:27 Two-Handed Swordsman
38:11 Chain Mail Armor
40:35 Conscription
41:26 Hand Cart
41:56 Crenellations
42:04 Scale Barding Armor
42:38 Bodkin Arrow
43:40 Capped Ram
Connection lost

Rejoining the realm…

Still unreachable

The connection could not be restored.

Session expired

The server has moved on; the page needs a fresh start.